 Dungeon Crawl Stone Soup version 0.23.2-1-ga50397a (webtiles) character file.

Game seed: 5660968592543898888

1723 happ the Chucker (level 9, -13/57 HPs)
             Began as a Halfling Hunter on May 4, 2019.
             Was a Believer of Qazlal.
             Mangled by a two-headed ogre
             ... wielding a +0 giant club
              (15 damage)
             ... on level 8 of the Dungeon.
             The game lasted 00:54:49 (7027 turns).

happ the Chucker (Halfling Hunter)                  Turns: 7027, Time: 00:54:50

Health: -13/57     AC:  6    Str: 13    XL:     9   Next: 25%
Magic:  19/19      EV: 16    Int:  9    God:    Qazlal [**....]
Gold:   640        SH:  2    Dex: 16    Spells: 8/8 levels left

rFire    . . .     SeeInvis .   z - +4 long sword
rCold    . . .     Gourm    .   (shield restricted)
rNeg     . . .     Faith    .   p - +0 ring mail {MR+}
rPois    .         Spirit   .   (no helmet)
rElec    .         Reflect  .   (no cloak)
rCorr    .         Harm     .   (no gloves)
MR       +....     Clarity  +   (no boots)
Stlth    +.........             s - amulet of magic regeneration
HPRegen  0.19/turn              u - ring of magical power
MPRegen  0.41/turn              (no ring)

@: no status effects
A: small, clarity, clumsy 1, mutation resistance 1
a: Upheaval, Renounce Religion


You were on level 8 of the Dungeon.
You worshipped Qazlal.
Qazlal was pleased with you.
You were not hungry.

You visited 1 branch of the dungeon, and saw 8 of its levels.

You collected 640 gold pieces.

Inventory:

Hand Weapons
 a - a +0 short sword
 c - a +4 flail of crushing
 d - a +4 mace
 j - a +0 spear
 l - a +2 dagger of freezing
 o - a +0 dagger of flaming
 y - a +1 war axe
 z - a +4 long sword (weapon)
 C - a cursed +0 giant club
Missiles
 r - 23 poisoned needles
 v - 10 tomahawks (quivered)
 B - 16 bolts
Armour
 e - a +1 leather armour
 k - a +0 chain mail
 p - a +0 ring mail of magic resistance (worn)
Jewellery
 n - an uncursed amulet of rage
 s - an amulet of magic regeneration (around neck)
 u - a ring of magical power (left hand)
 x - an uncursed ring of protection from cold {unknown}
Wands
 b - a wand of enslavement (4)
 w - a wand of digging (8)
Scrolls
 i - 7 scrolls of identify
 m - a scroll of magic mapping
 q - 3 scrolls of remove curse
Potions
 f - a potion of curing
 h - 2 potions of degeneration {unknown}
 A - 2 potions of magic {unknown}


   Skills:
 + Level 3.5 Fighting
 + Level 5.1(6.1) Short Blades
 + Level 4.0(4.9) Long Blades
 + Level 6.1 Throwing
 + Level 5.2 Armour
 + Level 5.3 Dodging
 + Level 2.5 Stealth
 + Level 1.6 Evocations


You had 8 spell levels left.
You didn't know any spells.
Your spell library contained the following spells:

 Spells                   Type           Power        Failure   Level  Hunger
 Summon Small Mammal      Summ           #...         63%         1    ##.....
 Call Imp                 Summ           #.......     77%         2    ###....
 Call Canine Familiar     Summ           #.......     94%         3    ####...
 Summon Guardian Golem    Hex/Summ       #.......     94%         3    ####...
 Summon Ice Beast         Ice/Summ       #.......     100%        4    #####..
 Summon Lightning Spire   Summ/Air       #.......     100%        4    #####..


Dungeon Overview and Level Annotations

Branches:
Dungeon (8/15)             Temple (0/1) D:7
   Lair: D:8-11

Altars:
Ashenzari
Dithmenos
Elyvilon
Qazlal
Vehumet
Xom


Innate Abilities, Weirdness & Mutations

You are small and have problems with some larger weapons.
You are somewhat resistant to further mutation.
You possess an exceptional clarity of mind.
You are clumsy. (Dex -2)


Message History

Aim: a two-headed ogre, wielding two +0 giant clubs (heavily wounded) That beam is likely to hit you.
Continue anyway?
Okay, then.
You hit the two-headed ogre.
The two-headed ogre is heavily wounded.
You block the two-headed ogre's attack. x2
You hit the two-headed ogre.
The two-headed ogre is severely wounded.
You block the two-headed ogre's attack. The two-headed ogre barely misses you.
You slash the two-headed ogre!
The two-headed ogre is almost dead.
The two-headed ogre hits you with a +0 giant club!!
* * * LOW HITPOINT WARNING * * *
The two-headed ogre barely misses you.
Okay, then.
As you read the scroll labeled KOEDYM JANECE, it crumbles to dust.
It is a scroll of amnesia.
You feel forgetful for a moment.
The two-headed ogre hits you with a +0 giant club!
You die...

#.....#######.#..#......#
#.....#.......#..#......#.#
#.....#.#...###..#........#
#.....#.#...###..#.#..#...#
#.....#.'..........#.<#..<#
#.....###...#....####.#...#
####.........................#
#......#####.O§#########.#...#
. #......# #.@[# #$..#.# .
#......# #..°# ....... ..
#......# #...# .......
..##......# ######## ........
..#.......# #......# ........
......[...####......#
#........
...)..<.............#
....................#
....................#


You could see a two-headed ogre.

Vanquished Creatures
  An orc warrior (D:8)
  Edmund (D:5)
  4 ogres
  A bullfrog (D:5)
  3 scorpions
  A water moccasin zombie (D:6)
  5 wights (D:6)
  A bullfrog zombie (D:5)
  A crimson imp (D:4)
  A jelly (D:7)
  An orc priest (D:7)
  A gnoll shaman (D:7)
  3 orc wizards (D:7)
  An iguana (D:5)
  8 worker ants
  6 adders
  4 gnolls
  A shadow imp (D:5)
  An ooze (D:1)
  A worm (D:3)
  2 dart slugs
  4 leopard geckos
  12 orcs
  A ball python (D:6)
  5 bats
  6 giant cockroaches
  4 goblins
  7 hobgoblins
  7 jackals
  9 kobolds
  5 quokkas
  9 rats
117 creatures vanquished.

Vanquished Creatures (collateral kills)
  A bullfrog zombie (D:7)
  A crimson imp (D:7)
  A centaur zombie (D:7)
  2 gnolls (D:5)
  An orc (D:7)
6 creatures vanquished.

Vanquished Creatures (others)
  An orc wizard (D:7)
1 creature vanquished.

Grand Total: 124 creatures vanquished

Notes
Turn   | Place    | Note
-------+----------+-------------------------------------------
     0 | D:1      | happ the Halfling Hunter began the quest for the Orb.
     0 | D:1      | Reached XP level 1. HP: 14/14 MP: 1/1
   125 | D:1      | Reached XP level 2. HP: 16/19 MP: 2/2
   513 | D:1      | Reached XP level 3. HP: 17/24 MP: 3/3
   659 | D:1      | Reached skill level 1 in Short Blades
   973 | D:2      | Reached skill level 1 in Armour
  1012 | D:2      | HP: 1/24 [poisoned by an adder]
  1013 | D:2      | Reached XP level 4. HP: 1/29 MP: 4/4
  1017 | D:2      | HP: 1/29 [poisoned by an adder]
  1548 | D:2      | Found a stormy altar of Qazlal.
  2073 | D:2      | Became a worshipper of Qazlal Stormbringer
  2120 | D:3      | Found a white marble altar of Elyvilon.
  2120 | D:3      | Found a shadowy altar of Dithmenos.
  2120 | D:3      | Found a radiant altar of Vehumet.
  2121 | D:3      | Found a shimmering altar of Xom.
  2486 | D:3      | Reached XP level 5. HP: 26/34 MP: 5/5
  2964 | D:4      | Reached XP level 6. HP: 29/40 MP: 6/6
  3050 | D:4      | Noticed an ogre
  3061 | D:4      | Killed an ogre
  3103 | D:4      | Reached * piety under Qazlal
  3103 | D:4      | Reached skill level 5 in Throwing
  3374 | D:4      | Noticed an ogre
  3394 | D:4      | Killed an ogre
  3394 | D:4      | Reached XP level 7. HP: 14/45 MP: 7/7
  3946 | D:5      | Entered Level 5 of the Dungeon
  4156 | D:5      | Reached skill level 1 in Evocations
  4624 | D:5      | HP: 2/45 [poisoned by a worker ant]
  4645 | D:5      | Noticed Edmund
  4680 | D:5      | Killed Edmund
  4680 | D:5      | Reached XP level 8. HP: 51/51 MP: 8/8
  5212 | D:6      | Reached skill level 6 in Throwing
  5569 | D:6      | Reached skill level 5 in Short Blades
  5676 | D:6      | Gained mutation: You are clumsy. (Dex -2) [potion of
                  | mutation]
  5676 | D:6      | Gained mutation: You possess an exceptional clarity of
                  | mind. [potion of mutation]
  5879 | D:6      | Reached skill level 1 in Long Blades
  6392 | D:7      | Found a staircase to the Ecumenical Temple.
  6400 | D:7      | Found a shattered altar of Ashenzari.
  6492 | D:7      | Reached skill level 5 in Dodging
  6589 | D:7      | Reached skill level 5 in Armour
  6589 | D:7      | Reached XP level 9. HP: 48/57 MP: 10/10
  6612 | D:7      | Reached ** piety under Qazlal
  7003 | D:8      | Noticed a two-headed ogre
  7026 | D:8      | HP: 2/57 [two-headed ogre/+0 giant club (27)]
  7027 | D:8      | Mangled by a two-headed ogre

Skill      XL: |  1  2  3  4  5  6  7  8  9 |
---------------+----------------------------+-----
Fighting       | 2 3 |  3.5
Short Blades   | 1 2 3 5 |  5.1
Armour         | 1 2 3 4 5 |  5.2
Dodging        | 3 4 5 |  5.3
Stealth        | 2 |  2.5
Throwing       | 5 6 |  6.1
Evocations     | 1 |  1.6
Long Blades    | 2 4 |  4.0

Action                   |  1- 3 |  4- 6 |  7- 9 || total
-------------------------+-------+-------+-------++-------
Melee: Short sword       |    94 |       |       ||    94
       Dagger            |    34 |   211 |   168 ||   413
       Long sword        |       |       |   112 ||   112
Throw: Tomahawk          |     3 |    35 |    21 ||    59
       Throwing net      |       |     3 |     1 ||     4
 Abil: Evoke Berserk Rag |       |     1 |     4 ||     5
Evoke: Wand              |       |     2 |     9 ||    11
  Use: Potion            |       |     4 |     8 ||    12
       Scroll            |       |     2 |    13 ||    15
 Stab: Sleeping          |     1 |       |     1 ||     2
       Held in net/web   |       |     1 |       ||     1
  Eat: Chunk             |       |     2 |       ||     2
       Ration            |       |     2 |     5 ||     7
Armor: Leather armour    |    25 |    14 |       ||    39
       Ring mail         |       |    37 |    48 ||    85
       Skin              |       |    10 |    23 ||    33
Dodge: Dodged            |    95 |   133 |   189 ||   417
Block: Other             |       |       |    15 ||    15
       Rpst.: Long sword |       |       |    17 ||    17
